BSA
NIAGARA FALLS FRENZY @ PLYMOUTH ROCKS
09/11/2026
 
TOP OF THE 1ST
Niagara Falls Frenzy batting - Pitching for Plymouth Rocks : RHP José Martínez
Pitching: RHP José Martínez
Batting: RHB Keitaro Suzuki 0-0: Bunt for hit - play at first, batter OUT! 1-3
Batting: LHB Dante Owens 0-0: Ball
1-0: Called Strike
1-1: Ball
2-1: Fly out, F5 (Popup, 56)
Batting: SHB Martín De Jesús 0-0: Called Strike
0-1: Foul Ball, location: 2F
0-2: Ball
1-2: Foul Ball, location: 2F
1-2: Foul Ball, location: 2F
1-2: Ball
2-2: Foul Ball, location: 2F
2-2: Foul Ball, location: 2F
2-2: Foul Ball, location: 2F
2-2: Ball
3-2: TRIPLE (Flyball, 7D)
Batting: RHB Lawrence Schroeder 0-0: Ball
1-0: Ball
2-0: Called Strike
2-1: Swinging Strike
2-2: Strikes out swinging
Top of the 1st over - 0 run(s), 1 hit(s), 0 error(s), 1 left on base; Niagara Falls 0 - Plymouth 0
BOTTOM OF THE 1ST
Plymouth Rocks batting - Pitching for Niagara Falls Frenzy : RHP Tom Moore
Pitching: RHP Tom Moore
Batting: RHB Luis Sánchez 0-0: Called Strike
0-1: Ball
1-1: Ball
2-1: Foul Ball, location: 2F
2-2: Foul Ball, location: 2F
2-2: SINGLE (Line Drive, 56D)
Batting: RHB Javier Deleón 0-0: Ball
1-0: Called Strike
1-1: Foul Ball, location: 2F
1-2: Foul Ball, location: 2F
1-2: Strikes out swinging
Batting: LHB Roy Patrick 0-0: Called Strike
0-1: Foul Ball, location: 2F
0-2: Ball
1-2: Ball
Luis Sánchez steals 2nd base
2-2: Foul Ball, location: 2F
2-2: Ball
3-2: Ground out 6-3 (Groundball, 6)
Batting: LHB Roger Moore 0-0: Ball
1-0: Called Strike
1-1: Swinging Strike
1-2: Foul Ball, location: 2F
1-2: Ball
2-2: Hit by Pitch
Batting: RHB Andrés Lara 0-0: Ball
1-0: Foul Ball, location: 2F
1-1: Foul Ball, location: 2F
1-2: Ground out 4-3 (Groundball, 4)
Bottom of the 1st over - 0 run(s), 1 hit(s), 0 error(s), 2 left on base; Niagara Falls 0 - Plymouth 0
TOP OF THE 2ND
Niagara Falls Frenzy batting - Pitching for Plymouth Rocks : RHP José Martínez
Batting: RHB Zander Tremblett 0-0: Foul Ball, location: 2F
0-1: Ball
1-1: Ball
2-1: Foul Ball, location: 2F
2-2: Ground out 4-3 (Groundball, 34)
Batting: LHB Bill Hall 0-0: Called Strike
0-1: Ball
1-1: Foul Ball, location: 2F
1-2: Foul Ball, location: 2F
1-2: Strikes out swinging
Batting: RHB Ángel Hinojosa 0-0: Ball
1-0: Foul Ball, location: 2F
1-1: SINGLE (Groundball, 6MD)
Batting: RHB Luther Stoffels 0-0: Ball
1-0: Ball
2-0: Called Strike
2-1: Ball
3-1: Foul Ball, location: 2F
3-2: Foul Ball, location: 2F
3-2: Foul Ball, location: 2F
3-2: Strikes out swinging
Top of the 2nd over - 0 run(s), 1 hit(s), 0 error(s), 1 left on base; Niagara Falls 0 - Plymouth 0
BOTTOM OF THE 2ND
Plymouth Rocks batting - Pitching for Niagara Falls Frenzy : RHP Tom Moore
Batting: LHB Barrett Waters 0-0: DOUBLE (Line Drive, 9D)
Batting: RHB Tadakuni Sugiyama 0-0: Called Strike
0-1: Swinging Strike
0-2: Ball
1-2: Ball
2-2: 2-RUN HOME RUN (Flyball, 9D), Distance : 380 ft
Batting: RHB Júlio Negrón 0-0: Ball
1-0: Called Strike
1-1: Ball
2-1: Ground out 4-3 (Groundball, 34)
Batting: LHB Sean Nicks 0-0: Fly out, F8 (Flyball, 8LD)
Batting: RHB Luis Sánchez 0-0: Foul Ball, location: 2F
0-1: Ball
1-1: Ball
2-1: Ball
3-1: Called Strike
3-2: Base on Balls
Batting: RHB Javier Deleón 0-0: Ball
1-0: Swinging Strike
1-1: Ball
2-1: Called Strike
Luis Sánchez steals 2nd base
2-2: Strikes out looking
Bottom of the 2nd over - 2 run(s), 2 hit(s), 0 error(s), 1 left on base; Niagara Falls 0 - Plymouth 2
TOP OF THE 3RD
Niagara Falls Frenzy batting - Pitching for Plymouth Rocks : RHP José Martínez
Batting: RHB Jung-ha Kim 0-0: Ball
1-0: Swinging Strike
1-1: Called Strike
1-2: Ball
2-2: Foul Ball, location: 2F
2-2: Foul Ball, location: 2F
2-2: Strikes out looking
Batting: RHB Keitaro Suzuki 0-0: Ball
1-0: Swinging Strike
1-1: Ball
2-1: Called Strike
2-2: Foul Ball, location: 2F
2-2: Ground out 4-3 (Groundball, 4M)
Batting: LHB Dante Owens 0-0: Ball
1-0: Ball
2-0: Ball
3-0: Called Strike
3-1: Foul Ball, location: 2F
3-2: Fly out, F9 (Flyball, 89XD)
Top of the 3rd over - 0 run(s), 0 hit(s), 0 error(s), 0 left on base; Niagara Falls 0 - Plymouth 2
BOTTOM OF THE 3RD
Plymouth Rocks batting - Pitching for Niagara Falls Frenzy : RHP Tom Moore
Batting: LHB Roy Patrick 0-0: Foul Ball, location: 2F
0-1: Called Strike
0-2: Ball
1-2: Ball
2-2: Strikes out looking
Batting: LHB Roger Moore 0-0: Foul Ball, location: 2F
0-1: Foul Ball, location: 2F
0-2: Strikes out swinging
Batting: RHB Andrés Lara 0-0: Fly out, F8 (Flyball, 8RS)
Bottom of the 3rd over - 0 run(s), 0 hit(s), 0 error(s), 0 left on base; Niagara Falls 0 - Plymouth 2
TOP OF THE 4TH
Niagara Falls Frenzy batting - Pitching for Plymouth Rocks : RHP José Martínez
Batting: SHB Martín De Jesús 0-0: Ball
1-0: Foul Ball, location: 2F
1-1: Swinging Strike
1-2: Strikes out swinging
Batting: RHB Lawrence Schroeder 0-0: Foul Ball, location: 2F
0-1: Ball
1-1: Foul Ball, location: 2F
1-2: Strikes out swinging
Batting: RHB Zander Tremblett 0-0: Swinging Strike
0-1: Swinging Strike
0-2: Foul Ball, location: 2F
0-2: Ball
1-2: Ball
2-2: Ball
3-2: Strikes out swinging
Top of the 4th over - 0 run(s), 0 hit(s), 0 error(s), 0 left on base; Niagara Falls 0 - Plymouth 2
BOTTOM OF THE 4TH
Plymouth Rocks batting - Pitching for Niagara Falls Frenzy : RHP Tom Moore
Batting: LHB Barrett Waters 0-0: Ball
1-0: Ball
2-0: Ball
3-0: Called Strike
3-1: Base on Balls
Batting: RHB Tadakuni Sugiyama 0-0: Called Strike
0-1: Foul Ball, location: 2F
0-2: Foul Ball, location: 2F
0-2: Ball
1-2: Strikes out swinging
Batting: RHB Júlio Negrón 0-0: Called Strike
Barrett Waters steals 2nd base
0-1: SINGLE (Groundball, 56D)
Barrett Waters to third
Runner from 3rd tries for Home, SAFE, no throw or cutoff
Batting: LHB Sean Nicks 0-0: Called Strike
0-1: Ball
Júlio Negrón is caught stealing 2nd base
1-1: Ground out 4-3 (Groundball, 4)
Bottom of the 4th over - 1 run(s), 1 hit(s), 0 error(s), 0 left on base; Niagara Falls 0 - Plymouth 3
TOP OF THE 5TH
Niagara Falls Frenzy batting - Pitching for Plymouth Rocks : RHP José Martínez
Batting: LHB Bill Hall 0-0: Foul Ball, location: 2F
0-1: Swinging Strike
0-2: Ball
1-2: Strikes out swinging
Batting: RHB Ángel Hinojosa 0-0: Fly out, F2 (Popup, 2RF)
Batting: RHB Luther Stoffels 0-0: Swinging Strike
0-1: Ball
1-1: Fly out, F5 (Popup, 5)
Top of the 5th over - 0 run(s), 0 hit(s), 0 error(s), 0 left on base; Niagara Falls 0 - Plymouth 3
BOTTOM OF THE 5TH
Plymouth Rocks batting - Pitching for Niagara Falls Frenzy : RHP Tom Moore
Batting: RHB Luis Sánchez 0-0: Called Strike
0-1: Ball
1-1: Called Strike
1-2: Fly out, F8 (Flyball, 8LD)
Batting: RHB Javier Deleón 0-0: Ball
1-0: Called Strike
1-1: Foul Ball, location: 2F
1-2: TRIPLE (Line Drive, 7LM)
Batting: LHB Roy Patrick 0-0: Fly out, F8 (Flyball, 8LD)
Runner from 3rd tags up, SCORES, no throw
Batting: LHB Roger Moore 0-0: Called Strike
Single, Error in OF, E9, batter to second base
Batting: RHB Andrés Lara 0-0: Ball
1-0: Ball
2-0: Ball
3-0: Base on Balls
Batting: LHB Barrett Waters 0-0: Called Strike
0-1: Ball
1-1: Ball
2-1: Ball
3-1: Foul Ball, location: 2F
3-2: Fly out, F7 (Flyball, 7D)
Bottom of the 5th over - 1 run(s), 2 hit(s), 1 error(s), 2 left on base; Niagara Falls 0 - Plymouth 4
TOP OF THE 6TH
Niagara Falls Frenzy batting - Pitching for Plymouth Rocks : RHP José Martínez
Batting: RHB Jung-ha Kim 0-0: Called Strike
0-1: Foul Ball, location: 2F
0-2: Strikes out looking
Batting: RHB Keitaro Suzuki 0-0: Called Strike
0-1: Bunted foul
0-2: Ball
1-2: Ball
2-2: Ball
3-2: Foul Ball, location: 2F
3-2: Hit by Pitch
Batting: LHB Dante Owens 0-0: Fly out, F8 (Line Drive, 8LM)
Pitching: RHP Luis Cortéz
Batting: SHB Martín De Jesús Pickoff Throw to First - Out!
Top of the 6th over - 0 run(s), 0 hit(s), 0 error(s), 0 left on base; Niagara Falls 0 - Plymouth 4
BOTTOM OF THE 6TH
Plymouth Rocks batting - Pitching for Niagara Falls Frenzy : RHP Tom Moore
Pitching: RHP Luis López
Batting: RHB Tadakuni Sugiyama 0-0: Called Strike
0-1: Ground out 6-3 (Groundball, 6)
Batting: RHB Júlio Negrón 0-0: Ball
1-0: Ground out 5-3 (Groundball, 5)
Batting: LHB Sean Nicks 0-0: Ground out 6-3 (Groundball, 6)
Bottom of the 6th over - 0 run(s), 0 hit(s), 0 error(s), 0 left on base; Niagara Falls 0 - Plymouth 4
TOP OF THE 7TH
Niagara Falls Frenzy batting - Pitching for Plymouth Rocks : RHP Luis Cortéz
Batting: SHB Martín De Jesús 0-0: Ball
1-0: Ground out 6-3 (Groundball, 6M)
Batting: RHB Lawrence Schroeder 0-0: Ball
1-0: Ball
2-0: Ball
3-0: Base on Balls
Batting: RHB Zander Tremblett 0-0: Ball
1-0: Ball
2-0: Called Strike
2-1: Ball
3-1: Called Strike
3-2: Strikes out swinging
Batting: LHB Bill Hall 0-0: Fly out, F9 (Flyball, 9D)
Top of the 7th over - 0 run(s), 0 hit(s), 0 error(s), 1 left on base; Niagara Falls 0 - Plymouth 4
BOTTOM OF THE 7TH
Plymouth Rocks batting - Pitching for Niagara Falls Frenzy : RHP Luis López
Batting: RHB Luis Sánchez 0-0: Swinging Strike
0-1: Ball
1-1: Called Strike
1-2: Ball
2-2: Strikes out looking
Batting: RHB Javier Deleón 0-0: Swinging Strike
0-1: Foul Ball, location: 2F
0-2: Ball
1-2: Strikes out swinging, 2-3 out at first.
Batting: LHB Roy Patrick 0-0: Ball
1-0: Foul Ball, location: 2F
1-1: Foul Ball, location: 2F
1-2: Ball
2-2: Ball
3-2: Ground out 6-3 (Groundball, 6)
Bottom of the 7th over - 0 run(s), 0 hit(s), 0 error(s), 0 left on base; Niagara Falls 0 - Plymouth 4
TOP OF THE 8TH
Niagara Falls Frenzy batting - Pitching for Plymouth Rocks : RHP Luis Cortéz
Batting: RHB Ángel Hinojosa 0-0: Called Strike
0-1: Fly out, F9 (Flyball, 89D)
Batting: RHB Luther Stoffels 0-0: Swinging Strike
0-1: Swinging Strike
0-2: Foul Ball, location: 2F
0-2: Ball
1-2: Ball
2-2: Strikes out swinging
Batting: RHB Jung-ha Kim 0-0: SINGLE (Flyball, 78S)
Batting: RHB Keitaro Suzuki 0-0: Called Strike
0-1: Ball
1-1: Ball
2-1: DOUBLE (Groundball, 5D)
Jung-ha Kim to third
Pitching: RHP Scot MacIntosh
Batting: LHB Dante Owens 0-0: Ball
1-0: Fly out, F8 (Flyball, 78D)
Top of the 8th over - 0 run(s), 2 hit(s), 0 error(s), 2 left on base; Niagara Falls 0 - Plymouth 4
BOTTOM OF THE 8TH
Plymouth Rocks batting - Pitching for Niagara Falls Frenzy : RHP Luis López
Pitching: RHP Ángel Francisco
Batting: LHB Roger Moore 0-0: Ball
1-0: Foul Ball, location: 2F
1-1: Ground out 3-1 (Groundball, 3L)
Batting: RHB Andrés Lara 0-0: Foul Ball, location: 2F
0-1: Fly out, F4 (Line Drive, 4M)
Batting: LHB Barrett Waters 0-0: Called Strike
0-1: Ball
1-1: Foul Ball, location: 2F
1-2: Ball
2-2: Strikes out swinging
Bottom of the 8th over - 0 run(s), 0 hit(s), 0 error(s), 0 left on base; Niagara Falls 0 - Plymouth 4
TOP OF THE 9TH
Niagara Falls Frenzy batting - Pitching for Plymouth Rocks : RHP Scot MacIntosh
Batting: SHB Martín De Jesús 0-0: Swinging Strike
0-1: Ball
1-1: Ball
2-1: Ball
3-1: Base on Balls
Batting: RHB Lawrence Schroeder 0-0: Fly out, F3 (Popup, 3F)
Batting: RHB Zander Tremblett 0-0: Ball
1-0: Grounds into double play, 5-4-3 (Groundball, 5L)
Top of the 9th over - 0 run(s), 0 hit(s), 0 error(s), 0 left on base; Niagara Falls 0 - Plymouth 4
Monday, December 5th, 2016 - OOTP Baseball 17.12 Build 75